Map: Abyssal Reef LE

Players

RiSky

  • Race: Zerg Zerg
  • Spawn Location: 5:00

llllllllllll (DnS) - Winner!

  • Race: Protoss Protoss
  • Spawn Location: 11:00

Event: WCS Valencia 2017

VOD

Have the link to the VOD?

Description

Time

  • Played on: July 13, 2017, 10:58 a.m.
  • Length: 24:30

All games in this series

Show
View Real Time Build Order
Export as new Build Order

RiSky Zerg 

Build Orders: Hatch First 

Get SALT Encoding   

  12  0:00  Drone  
  13  0:08  Drone  
  14  0:16  Overlord  
  14  0:35  Drone  
  15  0:46  Hatchery  
  15  0:49  Drone  
  15  0:52  Drone  
  15  0:57  Drone  
  17  1:01  Drone  
  18  1:10  Extractor  
  17  1:17  Spawning Pool  
  16  1:21  Drone  
  16  1:24  Drone  
  18  1:32  Drone  
  19  1:43  Overlord  
  19  1:54  Drone  
  20  1:58  Drone  
  21  2:04  Queen x2  
  21  2:07  Drone  
  26  2:08  Zergling x2  
  26  2:15  Metabolic Boost  
  27  2:18  Zergling x2  
  27  2:21  Drone  
  29  2:30  Drone  
  29  2:31  Drone  
  29  2:36  Drone  
  32  2:45  Hatchery  
  32  2:48  Overlord  
  31  2:53  Drone  
  31  2:54  Drone  
  33  2:59  Drone  
  33  3:03  Drone  
  35  3:09  Drone  
  36  3:13  Drone x2  
  36  3:14  Drone x2  
  36  3:16  Drone  
  36  3:17  Overlord  
  36  3:18  Drone  
  42  3:22  Drone  
  43  3:28  Drone  
  43  3:31  Spore Crawler  
  43  3:33  Spore Crawler  
  43  3:34  Drone  
  43  3:38  Drone  
  44  3:46  Drone  
  44  3:47  Evolution Chamber, Drone x5  
  49  3:49  Overlord  
  49  3:52  Queen  
  51  3:57  Drone  
  51  4:02  Overlord  
  52  4:04  Queen  
  52  4:07  Drone x2  
  52  4:08  Drone  
  57  4:11  Spore Crawler  
  57  4:15  Spore Crawler  
  57  4:16  Drone x3  
  59  4:23  Drone x2  
  59  4:24  Drone x2  
  62  4:26  Drone  
  62  4:27  Drone  
  62  4:28  Zerg Melee Weapons Level 1  
  64  4:31  Drone  
  64  4:32  Overlord  
  64  4:37  Baneling Nest, Overlord  
  64  4:40  Zergling x2  
  64  4:42  Zergling x2  
  64  4:45  Spore Crawler  
  65  4:46  Zergling x4  
  65  4:51  Queen, Zergling x2  
  70  4:54  Zergling x2  
  70  4:56  Queen  
  70  4:57  Zergling x2  
  74  5:00  Zergling x4  
  74  5:03  Drone  
  74  5:04  Drone x3  
  74  5:05  Overlord  
  80  5:08  Drone  
  80  5:09  Drone  
  82  5:16  Lair  
  82  5:20  Hatchery, Baneling  
  82  5:21  Baneling x4  
  81  5:22  Drone  
  81  5:24  Overlord  
  81  5:25  Overlord  
  81  5:27  Overlord  
  82  5:32  Extractor, Drone  
  82  5:33  Extractor  
  82  5:34  Extractor x2  
  79  5:37  Drone  
  79  5:38  Extractor, Drone x2  
  79  5:39  Drone  
  82  5:44  Zergling x2, Drone  
  82  5:46  Baneling x3  
  82  5:48  Zergling x4  
  80  6:00  Baneling, Zergling x2  
  80  6:01  Zergling x6  
  86  6:05  Zergling x2  
  82  6:24  Zergling x10  
  85  6:30  Drone  
  85  6:31  Drone x6  
  91  6:35  Drone, Hydralisk Den  
  87  6:41  Extractor  
  87  6:45  Drone x3  
  87  6:47  Drone  
  90  6:49  Zerg Melee Weapons Level 2, Overlord  
  90  6:51  Drone  
  89  6:55  Drone  
  89  6:56  Drone  
  89  6:57  Baneling  
  89  6:59  Overlord  
  89  7:00  Drone x2  
  89  7:01  Drone x2  
  95  7:05  Hatchery  
  94  7:10  Overlord  
  94  7:11  Muscular Augments  
  94  7:12  Centrifical Hooks, Drone  
  94  7:14  Drone x2  
  97  7:18  Hydralisk  
  97  7:19  Spore Crawler, Hydralisk  
  100  7:23  Overlord x2  
  100  7:25  Hydralisk x2  
  100  7:27  Zergling x14  
  111  7:32  Hydralisk x3  
  111  7:35  Zergling x4  
  119  7:47  Zergling x14  
  119  7:49  Pneumatized Carapace  
  119  7:51  Hydralisk x4  
  126  7:55  Hydralisk  
  136  7:59  Overlord x2  
  136  8:12  Zergling x2  
  136  8:16  Overlord x2  
  136  8:19  Infestation Pit, Zergling x28  
  149  8:22  Zergling x2  
  149  8:29  Overlord  
  149  8:31  Hydralisk  
  149  8:32  Hydralisk x3  
  157  8:36  Zergling x2  
  157  8:37  Zergling x8  
  162  8:42  Zergling x4  
  162  8:45  Baneling x18  
  162  8:46  Baneling x3, Zergling x6  
  162  8:47  Zergling x4  
  169  8:51  Zergling x12  
  175  8:56  Hydralisk x2  
  175  9:00  Hydralisk x2  
  181  9:03  Queen  
  181  9:07  Overlord  
  181  9:08  Overlord  
  179  9:14  Hive  
  179  9:16  Zergling x2  
  179  9:17  Zergling x4  
  182  9:18  Overlord  
  182  9:20  Zerg Missile Weapons Level 1  
  181  9:33  Zergling x14  
  181  9:34  Zergling x6  
  181  9:35  Hatchery  
  181  9:38  Zergling x10  
  194  9:42  Baneling x7  
  195  9:47  Spire  
  195  9:50  Extractor  
  193  9:57  Zergling x18  
  196  10:12  Zergling x2  
  196  10:13  Zergling x22  
  200  10:18  Baneling x3  
  200  10:19  Baneling x12  
  188  10:40  Zergling x14  
  188  10:41  Zergling x12  
  181  10:43  Adrenal Glands  
  181  10:46  Baneling x15  
  181  10:51  Baneling  
  181  10:52  Baneling x10  
  181  10:56  Zergling x12  
  181  11:08  Overseer  
  181  11:13  Greater Spire  
  181  11:15  Zerg Melee Weapons Level 3  
  177  11:51  Corruptor x5  
  177  11:52  Corruptor x2  
  181  12:01  Extractor  
  171  12:10  Zergling x28  
  185  12:16  Hatchery  
  180  12:42  Corruptor  
  180  12:43  Corruptor x3  
  181  12:55  Brood Lord x2  
  181  12:56  Brood Lord x4  
  193  13:00  Zergling x2  
  193  13:01  Zergling x10  
  174  13:23  Hydralisk x12  
  192  13:38  Corruptor x3  
  185  13:52  Corruptor  
  185  13:53  Corruptor x2  
  185  14:02  Overseer  
  180  14:13  Zergling x22  
  176  14:24  Drone  
  177  14:35  Hatchery, Pathogen Glands  
  174  14:53  Extractor  
  174  14:54  Extractor  
  174  14:55  Zergling x14  
  174  14:56  Zergling x18  
  186  15:09  Queen  
  186  15:11  Zerg Missile Weapons Level 2  
  185  15:33  Overseer, Infestor  
  185  15:34  Infestor x7  
  181  16:04  Overseer  
  181  16:05  Overseer x7  
  176  16:14  Zergling x30  
  159  16:30  Infestor  
  159  16:31  Infestor x6  
  167  16:34  Queen  
  167  16:37  Drone x2  
  167  16:41  Baneling x6  
  166  16:56  Infestor x3  
  166  17:15  Drone x3  
  167  17:20  Drone  
  167  17:21  Drone x9  
  177  17:25  Neural Parasite  
  177  17:30  Overlord x2  
  177  17:40  Overlord x2  
  177  17:57  Brood Lord x3  
  177  17:58  Brood Lord  
  185  18:12  Corruptor x4  
  184  18:16  Overseer  
  190  18:21  Brood Lord x2  
  194  18:30  Burrow  
  194  18:37  Zergling x12  
  199  19:04  Spore Crawler x4  
  199  19:07  Spore Crawler, Hatchery  
  199  19:09  Spore Crawler  
  178  19:43  Zergling x8  
  178  19:44  Zergling x20  
  183  19:52  Zerg Ground Armor Level 1  
  162  20:06  Infestor x9  
  175  20:09  Extractor  
  175  20:11  Spore Crawler  
  170  20:25  Corruptor x4  
  178  20:28  Extractor x2, Zergling x8  
  178  20:29  Zergling x22  
  188  20:45  Zergling x16  
  177  21:14  Zergling x22  
  177  21:15  Zergling x4  
  180  21:28  Drone x10  
  189  21:39  Corruptor  
  168  22:01  Overlord x3  
  164  22:14  Overseer x2  
  164  22:15  Overseer  
  161  22:16  Overlord  
  160  22:24  Corruptor  
  160  22:25  Corruptor x2  
  166  22:33  Corruptor x3  
  158  22:48  Infestor x5  
  168  22:55  Overlord x2  
  168  22:56  Overseer  
  168  22:57  Overseer  
  168  23:05  Zergling x8  
  169  23:16  Zergling x2  
  169  23:17  Zergling x8  
  169  23:21  Overseer  
  168  23:30  Zergling x10  
  171  23:50  Corruptor x3  
  177  23:58  Drone x14  
Show
View Real Time Build Order
Export as new Build Order

llllllllllll Protoss - Winner!

Build Orders: 1 Gate Expand, Oracle Opening, Phoenix Opening 

Get SALT Encoding   

  12  0:00  Probe (Chrono Boost)  
  13  0:11  Probe (Chrono Boost)  
  14  0:17  Pylon  
  14  0:22  Probe (Chrono Boost)  
  15  0:36  Probe (Chrono Boost)  
  15  0:39  Gateway  
  16  0:46  Probe (Chrono Boost)  
  16  0:49  Assimilator  
  18  0:57  Probe (Chrono Boost)  
  18  1:07  Probe (Chrono Boost)  
  19  1:18  Probe (Chrono Boost)  
  20  1:26  Nexus  
  20  1:37  Cybernetics Core  
  20  1:39  Probe (Chrono Boost)  
  21  1:48  Assimilator  
  21  1:50  Probe (Chrono Boost)  
  22  1:54  Pylon  
  22  2:00  Probe (Chrono Boost)  
  23  2:12  Probe  
  23  2:13  Adept (Chrono Boost)  
  23  2:14  Warp Gate  
  26  2:25  Probe  
  27  2:32  Stargate  
  27  2:37  Probe x2, Adept (Chrono Boost)  
  31  2:49  Probe (Chrono Boost)  
  31  2:50  Probe (Chrono Boost)  
  33  3:01  Probe (Chrono Boost)  
  33  3:02  Probe (Chrono Boost)  
  35  3:08  Gateway  
  35  3:10  Probe (Chrono Boost), Gateway  
  35  3:12  Probe (Chrono Boost)  
  37  3:17  Oracle (Chrono Boost)  
  40  3:22  Probe  
  40  3:24  Pylon  
  40  3:25  Probe  
  42  3:33  Probe, Twilight Council  
  42  3:38  Probe  
  42  3:41  Adept  
  46  3:44  Probe  
  47  3:49  Pylon  
  47  3:50  Probe  
  47  3:54  Probe, Phoenix (Chrono Boost)  
  50  3:59  Pylon  
  51  4:03  Probe  
  51  4:05  Assimilator  
  51  4:08  Resonating Glaives (Chrono Boost)  
  52  4:22  Probe  
  53  4:25  Adept x3  
  59  4:32  Nexus  
  59  4:35  Probe  
  59  4:36  Probe  
  61  4:41  Assimilator  
  61  4:45  Probe  
  61  4:47  Pylon  
  61  4:49  Pylon  
  62  4:54  Adept x2  
  62  4:56  Adept  
  62  4:58  Probe  
  69  5:00  Probe  
  70  5:08  Probe  
  70  5:11  Pylon  
  70  5:12  Probe  
  72  5:16  Adept x3  
  72  5:19  Probe (Chrono Boost)  
  79  5:26  Charge (Chrono Boost)  
  79  5:28  Mothership Core (Chrono Boost)  
  81  5:30  Robotics Facility  
  81  5:33  Probe (Chrono Boost)  
  82  5:38  Forge  
  82  5:41  Sentry  
  82  5:42  Sentry  
  86  5:44  Probe (Chrono Boost)  
  86  5:45  Probe (Chrono Boost)  
  86  5:47  Probe (Chrono Boost)  
  88  5:57  Probe (Chrono Boost)  
  88  5:59  Probe (Chrono Boost)  
  88  6:00  Probe (Chrono Boost)  
  88  6:02  Protoss Ground Weapons Level 1 (Chrono Boost)  
  90  6:05  Sentry  
  90  6:06  Assimilator  
  90  6:08  Probe (Chrono Boost), Assimilator  
  90  6:09  Probe x2 (Chrono Boost)  
  90  6:10  Pylon  
  95  6:12  Pylon  
  89  6:19  Probe  
  89  6:20  Probe, Warp Prism (Chrono Boost)  
  89  6:21  Probe  
  86  6:30  Probe  
  86  6:31  Probe  
  82  6:33  Probe  
  82  6:37  Pylon, Gateway  
  83  6:42  Gateway x2  
  83  6:43  Probe  
  83  6:44  Probe, Gateway  
  83  6:45  Probe  
  86  6:48  Adept x2  
  86  6:52  Templar Archives  
  90  6:55  Observer (Chrono Boost)  
  90  6:59  Gateway  
  91  7:04  Adept  
  91  7:08  Pylon  
  93  7:10  Pylon  
  93  7:13  Zealot  
  93  7:14  Zealot  
  93  7:15  Immortal (Chrono Boost)  
  101  7:20  Nexus  
  101  7:26  Pylon  
  101  7:31  Psionic Storm  
  101  7:39  Protoss Ground Weapons Level 2  
  101  7:44  Immortal, High Templar x4  
  113  7:52  Robotics Facility  
  113  7:54  Zealot x2  
  113  7:55  Zealot  
  119  8:03  Photon Cannon  
  119  8:04  Photon Cannon  
  119  8:06  Photon Cannon  
  119  8:08  Probe x3  
  122  8:17  High Templar x2  
  126  8:20  Immortal (Chrono Boost)  
  126  8:24  Archon  
  130  8:27  Zealot x6  
  130  8:30  Probe  
  130  8:33  Pylon  
  143  8:35  Assimilator  
  143  8:38  Assimilator  
  143  8:40  Immortal (Chrono Boost)  
  147  8:44  Probe x2  
  147  8:45  Probe x2  
  151  8:56  Probe  
  151  8:59  Immortal (Chrono Boost)  
  151  9:01  High Templar  
  151  9:02  High Templar x2  
  160  9:03  High Templar  
  160  9:05  Archon  
  160  9:07  Archon  
  158  9:17  Gateway  
  158  9:18  Gateway  
  158  9:19  Immortal (Chrono Boost)  
  158  9:20  Gateway  
  158  9:21  Gateway  
  162  9:31  Zealot x4  
  170  9:42  Immortal (Chrono Boost)  
  170  9:44  High Templar x2  
  170  9:45  High Templar  
  180  9:48  Archon  
  180  10:07  Fleet Beacon  
  180  10:08  Immortal (Chrono Boost)  
  180  10:10  Pylon  
  178  10:15  High Templar  
  178  10:16  High Templar  
  178  10:20  Archon  
  178  10:23  Pylon  
  178  10:24  Pylon  
  178  10:25  Pylon  
  178  10:27  Pylon  
  168  10:41  High Templar x4  
  168  10:42  Zealot x5  
  174  10:45  Stargate  
  174  10:46  Archon x2  
  174  10:47  Stargate  
  164  11:11  Stargate  
  170  11:12  Zealot x7  
  184  11:31  Zealot x3  
  184  11:32  Zealot x5  
  199  11:53  Protoss Air Weapons Level 1 (Chrono Boost), Graviton Catapult  
  199  12:07  Carrier x2 (Chrono Boost)  
  195  12:08  Nexus  
  195  12:10  Photon Cannon  
  195  12:11  Photon Cannon  
  195  12:13  Pylon  
  195  12:14  Pylon  
  193  12:16  Pylon  
  193  12:17  Carrier (Chrono Boost)  
  199  12:35  Pylon  
  199  12:37  Pylon  
  199  12:39  Pylon  
  199  12:42  Assimilator  
  181  12:44  Assimilator  
  181  12:46  Stargate  
  181  12:52  Carrier (Chrono Boost)  
  181  12:58  High Templar x5  
  186  12:59  High Templar  
  186  13:03  Photon Cannon  
  186  13:04  Archon x2  
  186  13:05  Photon Cannon, Archon  
  196  13:07  Photon Cannon  
  196  13:08  Photon Cannon  
  196  13:10  Photon Cannon  
  196  13:11  Pylon  
  196  13:14  Photon Cannon  
  196  13:16  Photon Cannon  
  196  13:18  Photon Cannon  
  196  13:19  Photon Cannon  
  195  13:20  Photon Cannon  
  195  13:26  Carrier (Chrono Boost)  
  186  13:29  Carrier (Chrono Boost)  
  186  13:48  Probe  
  174  13:50  Probe x4  
  174  13:52  Carrier (Chrono Boost)  
  177  13:56  Protoss Air Weapons Level 2 (Chrono Boost)  
  173  14:12  Stalker x7  
  183  14:22  Blink (Chrono Boost)  
  183  14:28  High Templar x5  
  193  14:41  Warp Prism  
  195  15:08  Protoss Ground Weapons Level 3  
  195  15:10  Stargate  
  195  15:13  Cybernetics Core  
  195  15:17  Carrier  
  186  15:35  Zealot  
  186  15:36  Zealot x6  
  186  15:41  Dark Shrine  
  176  16:04  Zealot x6  
  176  16:05  Zealot x3  
  194  16:19  Carrier (Chrono Boost)  
  194  16:25  Carrier (Chrono Boost)  
  184  16:38  Protoss Air Weapons Level 3 (Chrono Boost)  
  178  16:59  Carrier (Chrono Boost)  
  168  17:06  Oracle (Chrono Boost)  
  172  17:11  Oracle (Chrono Boost)  
  162  17:22  Protoss Air Armor Level 1  
  162  17:23  Probe  
  162  17:24  Probe x2  
  165  17:32  High Templar x4  
  165  17:33  High Templar x2  
  177  17:37  Archon x2  
  177  17:40  Carrier (Chrono Boost)  
  183  17:45  Protoss Shields Level 1  
  189  17:51  Carrier (Chrono Boost)  
  189  17:54  Observer x2  
  189  17:56  Pylon  
  187  18:12  High Templar  
  187  18:16  Observer  
  187  18:19  Zealot x5  
  200  18:34  Pylon  
  199  19:08  Nexus  
  199  19:09  Pylon  
  199  19:12  Pylon  
  199  19:15  Assimilator  
  188  19:51  Oracle x2 (Chrono Boost)  
  188  19:52  Photon Cannon  
  190  19:54  Photon Cannon  
  190  19:56  Photon Cannon  
  190  19:58  Photon Cannon  
  178  20:00  Photon Cannon  
  178  20:02  Photon Cannon  
  178  20:04  Zealot x5, Photon Cannon  
  178  20:05  Zealot x7  
  200  20:08  Assimilator, Protoss Air Armor Level 2 (Chrono Boost)  
  188  20:32  Warp Prism  
  174  20:51  Carrier x3 (Chrono Boost)  
  188  21:12  Zealot  
  188  21:13  Zealot x6  
  187  21:28  Carrier (Chrono Boost)  
  197  21:37  Carrier (Chrono Boost)  
  196  22:01  Protoss Shields Level 2 (Chrono Boost)  
  196  22:22  Adept  
  196  22:23  Adept  
  196  22:25  Dark Templar x2  
  200  22:33  Photon Cannon  
  200  22:34  Photon Cannon  
  200  22:36  Photon Cannon  
  200  22:37  Photon Cannon  
  200  22:39  Photon Cannon  
  200  22:40  Photon Cannon  
  200  22:42  Photon Cannon  
  196  23:41  Dark Templar  
  196  23:42  Dark Templar  
  196  23:45  Nexus  
  196  23:47  Pylon  
  200  23:49  Pylon  
  196  24:12  Assimilator  
  196  24:13  Assimilator  
Tags
 
Add a new tag
Caveats
  • Supply blocks, unpowered buildings, or Contaminate may cause inaccurate times.
  • Supply counts are checked every 10 seconds.